 Dungeon Crawl Stone Soup version 0.28.0-53-g5a82cb258f (webtiles) character file.

Game seed: 11848404967051467353

632 Zeldest the Chopper (level 7, -1/64 HPs)
             Began as a Deep Dwarf Fighter on Aug 20, 2022.
             Slain by an ogre
             ... wielding a +0 giant club
              (22 damage)
             ... on level 4 of the Dungeon.
             The game lasted 00:03:40 (2156 turns).

Zeldest the Chopper (Deep Dwarf Fighter)            Turns: 2156, Time: 00:03:41

Health: -1/64      AC:  6    Str: 21    XL:     7   Next: 24%
Magic:  8/8        EV:  9    Int:  9    God:
Gold:   116        SH:  4    Dex: 12    Spells: 6/6 levels left

rFire   . . .      SeeInvis .   a - +0 war axe
rCold   . . .      Faith    .   c - +0 buckler
rNeg    . . .      Spirit   .   b - +0 scale mail
rPois   .          Reflect  .   (no helmet)
rElec   .          Harm     .   (no cloak)
rCorr   .          Rampage  .   (no gloves)
Will    +....                   (no boots)
Stlth   ..........              (no amulet)
HPRegen 0.00/turn               (no ring)
MPRegen 0.11/turn               (no ring)

@: no status effects
A: damage resistance, heal wounds, sense surroundings 1, no regeneration,
subdued magic 1
a: Heal Wounds


You were on level 4 of the Dungeon.
You visited 1 branch of the dungeon, and saw 4 of its levels.
You also visited: Sewer.

You collected 116 gold pieces.

Inventory:

Hand Weapons
 a - a +0 war axe (weapon)
Missiles
 e - 6 silver boomerangs
Armour
 b - a +0 scale mail (worn)
 c - a +0 buckler (worn)
Jewellery
 f - a ring of magical power
Wands
 n - a wand of charming (5)
Scrolls
 d - a scroll of brand weapon {unknown}
 h - 3 scrolls of teleportation {unknown}
 i - 2 scrolls of identify {unknown}
 l - a scroll of holy word {unknown}
 m - a scroll of enchant weapon {unknown}
 o - 3 scrolls of summoning {unknown}
 p - a scroll of enchant armour {unknown}
 q - a scroll of fog {unknown}
 r - a scroll of blinking {unknown}
Potions
 g - 2 potions of magic
 j - a potion of haste
 k - a potion of invisibility {unknown}


   Skills:
 + Level 4.1 Fighting
 + Level 4.4 Axes
 + Level 2.9 Throwing
 - Level 3.2 Armour
 - Level 3.2 Shields
 + Level 4.3 Invocations
 + Level 4.2 Evocations


You had 6 spell levels left.
You didn't know any spells.
Your spell library contained the following spells:

 Spells                   Type           Power      Damage    Failure   Level
 Gell's Gravitas          Tloc           0%         N/A       99%         3
 Ozocubu's Armour         Ice            0%         N/A       99%         3
 Teleport Other           Tloc           0%         N/A       99%         3
 Dispersal                Tloc           0%         N/A       100%        6
 Ozocubu's Refrigeration  Ice            0%         4d5       100%        7


Dungeon Overview and Level Annotations

Branches:
Dungeon (4/15)              Sewer (visited)
 Temple: D:4-7

Altars:
Zin


Innate Abilities, Weirdness & Mutations

You are resistant to damage.
You can heal yourself by infusing magical energy.
You passively map a small area around you.
You do not regenerate.
Your spells are a little easier to cast, but a little less powerful.


Message History

You slash the hound!
You kill the hound!
You feel much better.
Found a stone staircase leading down.
No target in view!
No target in view!
A giant cockroach is nearby!
Found 20 arrows.
A giant cockroach is nearby!
A giant cockroach is nearby!
You slash the giant cockroach!
You kill the giant cockroach!
There is a stone staircase leading down here.
An ogre comes into view. It is wielding a +0 giant club.
The ogre shouts!
A giant cockroach comes into view.
There are monsters nearby!
You barely miss the ogre.
The ogre hits you with a +0 giant club!!
You are too injured to fight recklessly!
There are monsters nearby!
You are too injured to fight recklessly!
There are monsters nearby!
You are too injured to fight recklessly!
You are too injured to fight recklessly!
You slash the ogre!
The ogre is heavily wounded.
The ogre barely misses you.
You hit the ogre but do no damage.
The ogre is heavily wounded.
The ogre barely misses you.
You hit the ogre.
The ogre is heavily wounded.
An iguana comes into view.
The ogre hits you with a +0 giant club!!
The iguana hisses angrily.
You hit the ogre.
The ogre is severely wounded.
The ogre hits you with a +0 giant club!!
You die...

### * #..< ,,*###.# * ,
, , .lB# ** ###O### ###
,, #...@.##.# ..#
#.#......# ..# ,
,#....##### ).# * ,
*####.# , ..# , #.# ,
..# ** #+#### #.# ..#
#.##.###.#######*
..#######.##.#..........
............>#.#.#######


You could see an ogre, an iguana and a giant cockroach.

Vanquished Creatures
  An ice beast (D:4)
  2 bullfrogs (Sewer)
  A scorpion (D:4)
  A centaur zombie (D:3)
  A hound (D:4)
  4 gnolls (D:2)
  11 adders
  7 river rats (Sewer)
  An ufetubus (D:4)
  2 dart slugs (D:1)
  4 worms
  9 endoplasms
  6 giant cockroaches
  5 goblins
  4 hobgoblins
  4 jackals (D:1)
  2 kobolds
  A quokka (D:2)
  14 ball pythons
  2 frilled lizards
  29 rats
111 creatures vanquished.

Notes
Turn   | Place    | Note
-------+----------+-------------------------------------------
     0 | D:1      | Zeldest the Deep Dwarf Fighter began the quest for the Orb.
     0 | D:1      | Reached XP level 1. HP: 20/20 MP: 1/1
   137 | D:1      | Reached XP level 2. HP: 21/27 MP: 2/2
   221 | D:1      | Reached skill level 1 in Evocations
   222 | D:1      | Reached skill level 1 in Invocations
   391 | D:1      | Found a faded altar of an unknown god.
   605 | D:2      | Reached XP level 3. HP: 28/33 MP: 4/4
   640 | D:2      | Reached skill level 1 in Throwing
   646 | D:2      | Found a glowing silver altar of Zin.
   752 | D:2      | Reached XP level 4. HP: 39/42 MP: 5/5
  1272 | D:3      | Reached XP level 5. HP: 45/49 MP: 6/6
  1298 | D:3      | Found a glowing drain.
  1356 | Sewer    | Entered a sewer
  1478 | Sewer    | Gained mutation: Your muscles are strong. (Str +2) [potion
                  | of mutation]
  1478 | Sewer    | Gained mutation: You have hidden genetic defects. [potion
                  | of mutation]
  1524 | Sewer    | Lost mutation: You have hidden genetic defects. [potion of
                  | mutation]
  1524 | Sewer    | Lost mutation: Your muscles are strong. (Str +2) [potion of
                  | mutation]
  1524 | Sewer    | Gained mutation: Your spells are a little easier to cast,
                  | but a little less powerful. [potion of mutation]
  1594 | Sewer    | Reached XP level 6. HP: 53/56 MP: 6/6
  1623 | Sewer    | HP: 2/57 [bullfrog (3)]
  2052 | D:4      | Noticed an ice beast
  2063 | D:4      | Killed an ice beast
  2064 | D:4      | Reached XP level 7. HP: 49/64 MP: 6/8
  2156 | D:4      | Slain by an ogre

Illustrated notes

Levels and vault maps discovered:
D:1:      ebering_trefoil_twist, layout_basic,
          dilly_ecumenical_altar_fadedgnrine
D:2:      layout_basic, basic_altar, grunt_ministairs_11, minmay_surrounded
D:3:      layout_loops_ring, gup_sewer_entry_glass
D:4:      layout_basic, minmay_a_box_with_orc_wizards_in_it, uniq_robin

Skill      XL: |  1  2  3  4  5  6 |
---------------+-------------------+-----
Evocations     | 1 2 3 4 |  4.2
Invocations    | 1 2 3 4 |  4.3
Fighting       | 3 4 |  4.1
Throwing       | 1 2 |  2.9
Axes           | 3 4 |  4.4
Armour         | |  3.2
Shields        | |  3.2

Action                   |  1- 3 |  4- 6 |  7- 9 || total
-------------------------+-------+-------+-------++-------
Melee: War axe           |    97 |   172 |    24 ||   293
 Abil: Heal Wounds       |     3 |     7 |     1 ||    11
  Use: Potion            |       |     7 |       ||     7
Armor: Scale mail        |    53 |    94 |     8 ||   155
Dodge: Dodged            |    65 |   136 |    11 ||   212
Block: Buckler           |    34 |    62 |     2 ||    98
